 Dungeon Crawl Stone Soup version 0.30-a0-808-g6e0788376e (webtiles) character file.

Game seed: 2955904574909354219

19 demibob the Poker (level 2, 8/21 (24) HPs)
             Began as a Merfolk Gladiator on Feb 26, 2023.
             Quit the game on level 2 of the Dungeon.
             The game lasted 00:02:04 (824 turns).

demibob the Poker (Merfolk Gladiator)                Turns: 824, Time: 00:02:05

HP:   8/21 (24)     AC:  4    Str: 14      XL:     2   Next: 75%
MP:   2/2           EV: 13    Int:  6 (7)  God:
Gold: 29            SH:  0    Dex: 13      Spells: 1/1 levels left

rFire   . . .      SeeInvis .    a - +0 trident
rCold   . . .      Faith    .    (no shield)
rNeg    . . .      Spirit   .    b - +0 leather armour
rPois   .          Reflect  .    c - +0 helmet
rElec   .          Harm     .    (no cloak)
rCorr   .          Rampage  .    (no gloves)
Will    .....                    (no boots)
Stlth   +                        (no amulet)
HPRegen 0.23/turn                (no ring)
MPRegen 0.08/turn                (no ring)

@: heavily drained
A: (nimble swimmer 2), mertail, clumsy 1, deterioration 1, robust 1
a: no special abilities


You were on level 2 of the Dungeon.
You visited 1 branch of the dungeon, and saw 2 of its levels.

You collected 29 gold pieces.


Innate Abilities, Weirdness & Mutations

((You are very nimble when in or above water. (Stealth+, EV+, Speed+++)))
Your lower body shifts to a powerful aquatic tail in water.
You are clumsy. (Dex -2)
Your body sometimes deteriorates upon taking damage.
You are robust. (+10% HP)


   Skills:
 - Level 2.1 Fighting
 + Level 5.3 Polearms
 - Level 2.0 Throwing
 - Level 4.0 Dodging


You had one spell level left.
You didn't know any spells.
Your spell library contained the following spells:

 Spells                   Type           Power      Damage    Failure   Level
 Lesser Beckoning         Tloc           0%         N/A       67%         2
 Gell's Gravitas          Tloc           0%         N/A       88%         3
 Teleport Other           Tloc           0%         N/A       88%         3

Inventory:

Hand Weapons
 a - a +0 trident (weapon)
Missiles
 d - 3 throwing nets (quivered) {=f}
 e - a javelin
Armour
 b - a +0 leather armour (worn)
 c - a +0 helmet (worn)
Scrolls
 g - a scroll of amnesia {unknown}
 h - a scroll of immolation {unknown}
 i - 3 scrolls of identify {unknown}
 l - 2 scrolls of acquirement {unknown}

Dungeon Overview and Level Annotations

Branches:
Dungeon (2/15)

Altars:

Annotations:
D:2 Sigmund

..####....#.#.#
......)... #.##.....#
#... #. #.....# #...
#. #.....# ##.#
#.##.#...## #.#
#.#..#.#..# ###.#
#.##.#.#..# #..^#
#<.#@#..# #...#
.#..@รท...# ######...#
#.........###...##...#
#######.....#...##...#
+...#.#........#
#...#..).......#
#######.##.....#
#......##.....#
#...........#.#
#.....###.....#


You could see Sigmund.


Message History

You barely miss the kobold.
The kobold is moderately wounded.
The kobold hits you with a +2 dagger of draining.
Your body deteriorates!
You feel dopey.
You feel drained.
You closely miss the kobold.
The kobold is moderately wounded.
The kobold hits you with a +2 dagger of draining.
You feel drained.
Sigmund opens the door.
Sigmund shouts!
You hit the kobold.
You kill the kobold!
Sigmund mumbles some strange words.
Sigmund flickers and vanishes!
Deactivating autopickup; reactivate with Ctrl-A.
You see here a rat corpse.
There is a stone staircase leading up here.
You climb upwards.
Reactivating autopickup.
There is a stone staircase leading down here.
You start waiting.
Done waiting.
You climb downwards.
Level annotation: Sigmund
There is a stone staircase leading up here.
No target in view!
Sigmund hits you with a +0 heavy scythe!
Ouch! That really hurt!
* * * LOW HITPOINT WARNING * * *
Are you sure you want to abandon this character and quit the game? (Confirm with "yes".)

Skill      XL: |  1  2 |
---------------+-------+-----
Polearms       | 5 |  5.3
Fighting       | |  2.1
Throwing       | |  2.0
Dodging        | |  4.0

Action                     || total
---------------------------++-------
  Melee: Trident           ||    77
         Punch             ||     1
    Use: Potion            ||     5
   Stab: Sleeping          ||     2
 Armour: Leather armour    ||    21
  Dodge: Dodged            ||    56

Levels and vault maps discovered:
D:1:      amcnicky_arrival_abandoned_market, layout_basic
D:2:      layout_basic, uniq_sigmund

Notes
Turn   | Place    | Note
-------+----------+-------------------------------------------
     0 | D:1      | demibob the Merfolk Gladiator began the quest for the Orb.
     0 | D:1      | Reached XP level 1. HP: 16/16 MP: 1/1
   201 | D:1      | Reached XP level 2. HP: 10/22 MP: 2/2
   311 | D:1      | Reached skill level 5 in Polearms
   607 | D:2      | Gained mutation: You are clumsy. (Dex -2) [potion of
                  | mutation]
   607 | D:2      | Gained mutation: You are robust. (+10% HP) [potion of
                  | mutation]
   607 | D:2      | Gained mutation: Your body sometimes deteriorates upon
                  | taking damage. [potion of mutation]
   693 | D:2      | Noticed Sigmund
   824 | D:2      | Quit the game

Vanquished Creatures
  3 bats (D:1)
  An endoplasm (D:1)
  A giant cockroach (D:1)
  2 goblins
  A quokka (D:1)
  3 ball pythons
  5 kobolds
  2 rats
18 creatures vanquished.

Table legend: (Time is in decaauts)
 A = Elapsed time spent in this place.
 B = Non-inter-level travel time spent in this place.
 C = Inter-level travel time spent in this place.
 D = Time resting spent in this place.
 E = Time spent auto-exploring this place.
 F = Levels seen in this place.
 G = Mean time per level.
                   A        B        C        D        E       F      G
               +--------+--------+--------+--------+--------+-----+--------+
         Total |    829 |    816 |     13 |    127 |    494 |   2 |  414.5 |
       Dungeon |    829 |    816 |     13 |    127 |    494 |   2 |  414.5 |
               +--------+--------+--------+--------+--------+-----+--------+

Top non-repeatable levels by time:
     D:1: 672 daAuts
     D:2: 156 daAuts

Table legend:
 A = Non-vault XP
 B = Vault XP
 C = Vault XP percentage of total XP
 D = Non-vault monster count
 E = Vault monster count
 F = Vault count percentage of total count
                 A         B        C        D         E       F
            +---------+---------+-------+---------+---------+-------
      Total |      28 |       0 |   0.0 |      18 |       0 |   0.0
            +---------+---------+-------+---------+---------+-------
        D:1 |      23 |       0 |   0.0 |      14 |       0 |   0.0
        D:2 |       5 |       0 |   0.0 |       4 |       0 |   0.0
            +---------+---------+-------+---------+---------+-------
